Map: Simulacrum LE

Players

Bunny

  • Race: Terran Terran
  • Spawn Location: 11:00

soO - Winner!

  • Race: Zerg Zerg
  • Spawn Location: 5:00

Event: IEM Katowice 2020

VOD

Have the link to the VOD?

Description

Time

  • Played on: Feb. 25, 2020, 6:32 a.m.
  • Length: 10:00

All games in this series

Show
View Real Time Build Order
Export as new Build Order

Bunny Terran 

Build Orders: Liberator Opening, Reaper Expand 

Get SALT Encoding   

  12  0:00  SCV  
  13  0:12  SCV  
  14  0:17  Supply Depot  
  14  0:25  SCV  
  15  0:38  SCV  
  15  0:40  Barracks  
  16  0:43  Refinery  
  16  0:50  SCV  
  17  1:02  SCV  
  18  1:15  SCV  
  19  1:27  Reaper, Orbital Command  
  20  1:39  Command Center  
  20  1:52  SCV, Supply Depot  
  21  1:59  Marine  
  22  2:04  SCV  
  22  2:07  Factory  
  23  2:11  Refinery  
  23  2:16  SCV  
  23  2:20  Barracks Reactor  
  24  2:28  SCV  
  25  2:40  SCV  
  26  2:51  Orbital Command, Starport  
  26  2:52  SCV  
  27  3:00  Hellion x2  
  27  3:03  Barracks Tech Lab  
  27  3:05  SCV  
  32  3:17  SCV  
  32  3:18  SCV  
  34  3:21  Hellion x2  
  38  3:28  Supply Depot  
  38  3:29  SCV  
  38  3:30  SCV  
  40  3:35  Viking  
  40  3:41  SCV  
  43  3:42  SCV  
  44  3:53  SCV  
  44  3:54  SCV, Supply Depot  
  46  4:01  Command Center  
  46  4:05  Liberator  
  46  4:07  SCV  
  46  4:08  SCV, Fusion Core  
  51  4:13  Hellion  
  51  4:16  Hellion  
  55  4:20  SCV, Supply Depot  
  55  4:22  SCV  
  57  4:32  SCV  
  57  4:34  SCV  
  57  4:36  Hellion  
  61  4:42  Hellion  
  61  4:44  Supply Depot  
  63  4:54  Supply Depot  
  63  4:56  SCV x2  
  65  5:03  Hellion x2  
  65  5:06  Battlecruiser  
  75  5:13  Orbital Command  
  75  5:15  Supply Depot  
  75  5:20  Supply Depot  
  75  5:25  Hellion  
  75  5:28  Supply Depot x2  
  69  5:40  Weapon Refit  
  69  5:41  Supply Depot  
  69  5:42  Hellion  
  69  5:47  Orbital Command  
  69  5:48  Hellion  
  56  5:58  SCV x2  
  45  6:15  SCV  
  45  6:17  SCV  
  43  6:23  Battlecruiser  
  43  6:24  SCV  
  50  6:27  SCV  
  50  6:29  SCV  
  52  6:34  Refinery x2  
  52  6:36  SCV  
  52  6:39  SCV  
  54  6:41  SCV  
  54  6:42  Hellion  
  54  6:43  Hellion  
  59  6:55  SCV x3  
  62  7:04  Hellion x2  
  62  7:05  Factory  
  60  7:15  SCV x3  
  62  7:26  Factory  
  62  7:27  SCV x3, Supply Depot  
  62  7:28  Hellion  
  62  7:29  Hellion  
  69  7:39  SCV x3  
  69  7:41  Supply Depot  
  69  7:43  Battlecruiser  
  75  7:53  Hellion  
  75  7:55  Hellion  
  79  7:58  SCV  
  79  7:59  SCV  
  79  8:02  Factory Tech Lab  
  81  8:06  Orbital Command  
  81  8:14  Factory Tech Lab  
  81  8:16  Engineering Bay  
  81  8:17  Armory  
  81  8:19  Armory  
  81  8:24  Siege Tank  
  81  8:26  SCV x2  
  76  8:38  SCV  
  76  8:39  SCV x2  
  76  8:40  Siege Tank  
  80  8:48  Supply Depot  
  80  8:50  SCV  
  80  8:51  SCV x2  
  83  8:55  Refinery  
  83  8:56  Refinery  
  83  8:57  Supply Depot  
  83  9:00  Missile Turret  
  83  9:01  Missile Turret  
  83  9:02  SCV  
  77  9:05  Missile Turret, Siege Tank  
  77  9:07  SCV x2  
  82  9:20  Missile Turret  
  82  9:21  Siege Tank  
  85  9:28  Missile Turret  
  85  9:36  SCV x2  
  85  9:37  SCV  
Show
View Real Time Build Order
Export as new Build Order

soO Zerg - Winner!

Build Orders: Hatch First 

Get SALT Encoding   

  12  0:00  Drone  
  13  0:11  Overlord  
  13  0:16  Drone  
  14  0:30  Drone x2  
  16  0:47  Hatchery  
  15  0:51  Drone  
  15  0:54  Drone  
  17  0:57  Drone  
  18  1:08  Extractor  
  17  1:13  Spawning Pool  
  17  1:17  Drone  
  17  1:19  Drone  
  18  1:27  Drone  
  19  1:38  Drone  
  20  1:48  Overlord  
  20  2:00  Zergling x4, Queen x2  
  26  2:11  Drone x2  
  28  2:26  Hatchery  
  28  2:28  Drone  
  28  2:29  Drone  
  29  2:38  Metabolic Boost  
  29  2:40  Drone  
  30  2:49  Queen  
  30  2:51  Drone  
  33  2:54  Overlord  
  33  2:57  Drone  
  34  2:59  Drone  
  34  3:04  Drone  
  36  3:15  Drone x2  
  36  3:19  Drone  
  39  3:20  Drone  
  39  3:21  Drone  
  39  3:22  Roach Warren  
  39  3:23  Drone  
  41  3:29  Drone, Extractor  
  41  3:34  Overlord  
  41  3:40  Drone  
  42  3:55  Zergling x2  
  43  4:00  Drone  
  43  4:02  Roach x7  
  58  4:04  Overlord  
  58  4:14  Overlord  
  58  4:15  Overlord  
  58  4:20  Overlord  
  58  4:26  Roach x2  
  62  4:37  Zergling x14  
  67  4:49  Ravager x3  
  67  4:50  Zergling x10  
  75  4:54  Ravager  
  75  4:57  Overlord  
  75  4:59  Zergling x4  
  75  5:07  Zergling x2  
  75  5:08  Zergling x2  
  75  5:13  Ravager  
  78  5:20  Queen, Drone x6  
  78  5:21  Queen  
  88  5:24  Drone  
  88  5:26  Overlord, Drone  
  90  5:30  Overlord  
  90  5:32  Drone x2  
  90  5:33  Drone  
  90  5:34  Drone  
  87  5:40  Drone x3  
  87  5:42  Spore Crawler  
  89  5:48  Drone  
  88  5:52  Drone  
  88  5:53  Queen, Drone  
  88  5:54  Spore Crawler  
  80  5:59  Drone x2  
  80  6:00  Drone  
  76  6:04  Lair  
  66  6:13  Queen  
  66  6:16  Zergling x16  
  76  6:20  Drone  
  76  6:21  Drone  
  78  6:32  Drone x2  
  78  6:33  Queen, Drone  
  78  6:35  Drone  
  78  6:38  Drone  
  78  6:39  Extractor  
  82  6:41  Drone x2  
  82  6:42  Drone x3  
  82  6:43  Drone x2  
  89  6:47  Drone  
  89  6:48  Drone  
  92  6:54  Drone  
  92  6:57  Extractor x2  
  92  6:58  Extractor  
  92  7:00  Spore Crawler  
  88  7:02  Drone  
  88  7:03  Drone x2  
  88  7:05  Glial Reconstitution, Drone, Spire  
  88  7:06  Drone  
  92  7:09  Evolution Chamber  
  92  7:12  Drone x3  
  92  7:23  Drone x2  
  92  7:24  Drone  
  92  7:25  Roach  
  92  7:27  Overlord x2  
  92  7:28  Overlord  
  97  7:30  Overlord  
  97  7:31  Hatchery  
  97  7:34  Overlord  
  97  7:36  Overlord  
  96  7:37  Zerg Missile Weapons Level 1  
  96  7:41  Overlord  
  96  7:42  Overlord  
  96  7:49  Queen x2, Drone x2  
  92  7:54  Queen  
  92  7:57  Roach x2  
  92  7:58  Roach x3  
  103  8:19  Corruptor x8  
  115  8:33  Corruptor  
  115  8:34  Corruptor x2  
  112  8:38  Drone x2  
  112  8:41  Roach x2  
  124  8:51  Roach x5  
  134  8:56  Overlord  
  134  9:00  Overlord  
  134  9:02  Roach x2  
  134  9:03  Overlord  
  134  9:11  Overlord  
  134  9:12  Ravager x2  
  134  9:16  Ravager x2  
  134  9:17  Roach x3  
  144  9:24  Roach x5  
  154  9:26  Ravager x2  
  154  9:27  Ravager  
  155  9:35  Roach x6  

Tags
 
Add a new tag
Caveats
  • Supply blocks, unpowered buildings, or Contaminate may cause inaccurate times.
  • Supply counts are checked every 10 seconds.